AoeStats
← HermanSeGerman

MegaRandom

508707646Analyzed
2v2 RM · 9d ago on Sep 23, 2026· 19m 3s· 4 players
Game mode
Random Map
Map size
Medium (4 player)
Population
200
Speed
Normal
Resources
Standard
Victory
Conquest
Starting age
Dark Age
Ending age
Imperial Age
RankedLock teamsTeams togetherTeam positionsShared explorationLock speedFull tech treeHidden civsTurbo modeCheats
Victory
Defeat
🇹🇷 Saxons · Türkiye
1363
+16
🇹🇷 Varangians · Türkiye
1363
+16
🇩🇪 Varangians · Germany
1443
-20
🇩🇪 Britons · Germany
1276
-12
MampeJr
2:31 Loom
8:50 Feudal Age
11:27 Fletching
14:43 Castle Age
14:56 Crossbowman
HermanSeGerman
6:02 Loom
6:09 Loom
10:33 Feudal Age
DNA
2:47 Loom
9:43 Feudal Age
12:07 Double-Bit Axe
13:01 Bloodlines
13:37 Bloodlines
16:42 Scale Barding Armor
18:24 Wheelbarrow
LunaticRider
6:19 Loom
8:20 Feudal Age
9:01 Double-Bit Axe
10:16 Double-Bit Axe
11:44 Fletching
11:55 Padded Archer Armor
17:56 Town Watch
20:29 Castle Age
Connection lost

Rejoining the realm…

Still unreachable

The connection could not be restored.

Session expired

The server has moved on; the page needs a fresh start.